 Dungeon Crawl Stone Soup version 0.31-a0-845-g9abc20d24f (webtiles) character file.

Game seed: 13532338334468860791

32 Ijustatesigmund the Firebug (level 3, 0/20 HPs)
             Began as a Deep Elf Fire Elementalist on Oct 3, 2023.
             Slain by Terence
             ... wielding a +0 trident
              (8 damage)
             ... on level 2 of the Dungeon.
             The game lasted 00:01:51 (1378 turns).

Ijustatesigmund the Firebug (DEFE)                  Turns: 1378, Time: 00:01:51

Health: 0/20       AC:  2    Str:  5    XL:     3   Next: 8%
Magic:  4/10       EV: 12    Int: 21    God:
Gold:   61         SH:  0    Dex: 15    Spells: 6/9 levels left

rFire   . . .        (no weapon)
rCold   . . .        (no shield)
rNeg    . . .        a - +0 robe
rPois   .            (no helmet)
rElec   .            (no cloak)
rCorr   .            (no gloves)
SInv    .            (no boots)
Will    .....        (no amulet)
Stlth   ++           (no ring)
HPRegen 0.23/turn    (no ring)
MPRegen 0.12/turn

%: no passive effects
@: no status effects
A: no striking features
a: no special abilities


You were on level 2 of the Dungeon.
You visited 1 branch of the dungeon, and saw 2 of its levels.

You collected 61 gold pieces.

Inventory:

Armour
 a - a +0 robe (worn)
Scrolls
 c - a scroll of identify {unknown}
 e - a scroll of poison {unknown}
 f - 2 scrolls of enchant weapon {unknown}
Potions
 b - 2 potions of magic
 d - a potion of degeneration {unknown}


   Skills:
 + Level 0.9 Fighting
 - Level 2.4 Dodging
 - Level 2.4 Stealth
 + Level 3.5 Spellcasting
 + Level 1.9 Conjurations
 + Level 3.7 Fire Magic


You had 6 spell levels left.
You knew the following spells:

 Your Spells              Type           Power      Damage    Failure   Level
a - Foxfire               Conj/Fire      60%        2x1d7     4%          1
b - Scorch                Fire           38%        2d6       4%          2

Your spell library contained the following spells:

 Spells                   Type           Power      Damage    Failure   Level
 Freeze                   Ice            12%        1d3       13%         1
 Inner Flame              Hex/Fire       11%        N/A       17%         3
 Volatile Blastmotes      Fire/Tloc      22%        2d11      17%         3
 Hailstorm                Conj/Ice       7%         3d4       26%         3
 Frozen Ramparts          Ice            6%         1d1       36%         3
 Flame Wave               Conj/Fire      15%        2d7       36%         4


Dungeon Overview and Level Annotations

Branches:
Dungeon (2/15)

Altars:

Shops:
D:1 [!![

Annotations:
D:2 Terence


Message History

Casting: Foxfire (safe; 4% risk of failure)
Confirm with . or Enter, or press ? or * to list all spells.
You conjure some foxfire!
Your foxfire dissipates! x2
You see here a hobgoblin corpse.
You see here a hobgoblin corpse.
Partly explored, can't reach some places.
Partly explored, can't reach some places.
You see here a hobgoblin corpse.
There is a stone staircase leading down here.
You climb downwards.
Found a scroll labelled SUTHET BAUMNA.
There is a stone staircase leading up here.
Found a stone staircase leading up.
f - 2 scrolls labelled SUTHET BAUMNA (gained 1) Terence the Incautious comes into view.
He is wielding a +0 trident and wearing a +0 scale mail of poison resistance.
Casting: Foxfire (safe; 4% risk of failure)
Confirm with . or Enter, or press ? or * to list all spells.
Flames lash Terence but do no damage.
Terence shouts!
Terence hits you from afar with a +0 trident!
Terence closely misses you.
Casting: Scorch (safe; 4% risk of failure)
Confirm with . or Enter, or press ? or * to list all spells.
Flames lash Terence.
Terence is moderately wounded.
Terence's fire resistance burns away.
Terence closely misses you.
Terence hits you from afar with a +0 trident.
Casting: Scorch (safe; 4% risk of failure)
Confirm with . or Enter, or press ? or * to list all spells.
You don't know that spell.
Unknown command.
Casting: Scorch (safe; 4% risk of failure)
Confirm with . or Enter, or press ? or * to list all spells.
Flames lash Terence.
Terence is burned terribly!
Terence is almost dead.
Terence shouts, "ATTACK!!!"
Terence hits you from afar with a +0 trident.
Terence hits you from afar with a +0 trident!
You die...

#.. #.# #.#
#.# ##.####
.....# #..@.#
#@# ..### #.#
#.# .....##.#
#.#
........####.#
.............#
.......###.#
.....# #.#
##.#.###.##.#
#<.........#


You could see Terence (combustible).

Vanquished Creatures
  3 dart slugs (D:1)
  3 bats (D:1)
  2 endoplasms (D:1)
  A giant cockroach (D:1)
  4 goblins (D:1)
  3 hobgoblins (D:1)
  4 kobolds (D:1)
  A quokka (D:1)
  2 rats (D:1)
23 creatures vanquished.

Vanquished Creatures (others)
  59 foxfires (D:1)
59 creatures vanquished.

Grand Total: 82 creatures vanquished

Notes
Turn   | Place    | Note
-------+----------+-------------------------------------------
     0 | D:1      | Ijustatesigmund the Deep Elf Fire Elementalist began the
                  | quest for the Orb.
     0 | D:1      | Reached XP level 1. HP: 10/10 MP: 6/6
   219 | D:1      | Reached XP level 2. HP: 16/16 MP: 6/8
   222 | D:1      | Learned a level 2 spell: Scorch
   384 | D:1      | Found Weuthrikh's Antique Armour Shop.
   400 | D:1      | Found Mialu's Distillery.
   477 | D:1      | Found Seiniuw's Antique Armour Emporium.
   515 | D:1      | Found Goefuhal's Distillery.
   718 | D:1      | Found a faded altar of an unknown god.
  1224 | D:1      | Reached XP level 3. HP: 20/20 MP: 7/10
  1372 | D:2      | Noticed Terence
  1378 | D:2      | Slain by Terence

Illustrated notes

Levels and vault maps discovered:
D:1:      saegor_arrival_simple_d, layout_basic,
          hellmonk_ecumenical_altar_heavens_door, serial_shops,
          nicolae_shop_advertising_works [nicolae_subvault_shop_adworks], shop,
          shop, nicolae_shop_just_a_little_nook
D:2:      layout_loops_ring, uniq_terence, uniq_robin, uniq_natasha

Action                     || total
---------------------------++-------
   Cast: Foxfire           ||    38
         Scorch            ||     9
 Armour: Robe              ||     9
  Dodge: Dodged            ||     9

Table legend: (Time is in decaauts)
 A = Elapsed time spent in this place.
 B = Non-inter-level travel time spent in this place.
 C = Inter-level travel time spent in this place.
 D = Time resting spent in this place.
 E = Time spent auto-exploring this place.
 F = Levels seen in this place.
 G = Mean time per level.
                   A        B        C        D        E       F      G
               +--------+--------+--------+--------+--------+-----+--------+
         Total |   1377 |   1327 |     50 |      3 |   1175 |   2 |  688.5 |
       Dungeon |   1377 |   1327 |     50 |      3 |   1175 |   2 |  688.5 |
               +--------+--------+--------+--------+--------+-----+--------+

Top non-repeatable levels by time:
     D:1: 1356 daAuts
     D:2: 21 daAuts
